 Dungeon Crawl Stone Soup version 0.29.1-2-gbd0b4ee654 (webtiles) character file.

Game seed: 4317791799443651429

431 Descartes the Sneak (level 6, -2/42 HPs)
             Began as a Spriggan Venom Mage on Oct 23, 2022.
             Slain by Menkaure (9 damage)
             ... on level 4 of the Dungeon.
             The game lasted 00:10:51 (3598 turns).

Descartes the Sneak (Spriggan Venom Mage)           Turns: 3598, Time: 00:10:52

Health: -2/42      AC: 23    Str: 10    XL:     6   Next: 66%
Magic:  12/12      EV:  4    Int: 19    God:
Gold:   117        SH:  0    Dex: 15    Spells: 7/12 levels left

rFire   . . .      SeeInvis +   e - +0 dagger
rCold   . . .      Faith    .   (no shield)
rNeg    . . .      Spirit   .   (body armour currently unavailable)
rPois   +          Reflect  .   (helmet currently unavailable)
rElec   .          Harm     .   (cloak currently unavailable)
rCorr   .          Rampage  .   (gloves unavailable)
Will    +....      NoTele   +   (boots unavailable)
Stlth   +++.......              (no amulet)
HPRegen 0.14/turn               g - +6 ring of strength
MPRegen 0.13/turn               (no ring)

@: tree-form, unable to drink
A: stationary, stasis, torment immunity, boosted hp, very small, no large
weapons, unfitting armour, see invisible, (speed 3), (iridescent scales 1), no
potion heal 1, inability to drink after injury 1
a: no special abilities


You were on level 4 of the Dungeon.
You were a tree.
You visited 1 branch of the dungeon, and saw 4 of its levels.

You collected 117 gold pieces.

Inventory:

Hand Weapons
 e - a +0 dagger (weapon)
Missiles
 c - 28 stones
Armour
 a - a +0 robe (melded)
Magical Staves
 h - a staff of earth
 o - a staff of air
Jewellery
 g - a +6 ring of strength (left branch)
 i - an amulet of faith
Scrolls
 d - 2 scrolls of vulnerability {unknown}
 j - a scroll of summoning {unknown}
 q - 3 scrolls of teleportation {unknown}
 r - a scroll of fog {unknown}
Potions
 b - a potion of magic
 f - a potion of lignification
 k - a potion of attraction {unknown}
 l - a potion of curing {unknown}
 m - a potion of haste {unknown}
 p - a potion of heal wounds {unknown}


   Skills:
 + Level 4.0 Dodging
 + Level 4.7 Stealth
 + Level 3.9 Spellcasting
 * Level 2.2 Conjurations
 + Level 1.9 Hexes
 + Level 3.3 Transmutations
 * Level 4.4 Poison Magic


You had 7 spell levels left.
You knew the following spells:

 Your Spells              Type           Power      Damage    Failure   Level
a - Sting                 Tmut/Pois      72%        1d6       2%          1
b - Olgreb's Toxic Radia  Pois           20%        N/A       22%         4

Your spell library contained the following spells:

 Spells                   Type           Power      Damage    Failure   Level
 Poisonous Vapours        Pois/Air       24%        N/A       9%          2
 Mephitic Cloud           Conj/Pois/Air  12%        N/A       17%         3
 Anguish                  Hex/Necr       3%         N/A       67%         4
 Enfeeble                 Hex            5%         N/A       100%        7


Dungeon Overview and Level Annotations

Branches:
Dungeon (4/15)
 Temple: D:4-7

Altars:
Cheibriados
Hepliaklqana
Sif Muna

Annotations:
D:4 Menkaure


Innate Abilities, Weirdness & Mutations

You are a tree.
Your roots penetrate the ground, keeping you stationary.
You cannot be teleported.
You are immune to unholy pain and torment.
Your maximum health is greatly increased.
Your equipment is partially melded.
You are very small and have problems with some larger weapons.
You are too small for most types of armour.
You have supernaturally acute eyesight. (SInv)
((You cover ground extremely quickly. (Speed+++)))
((You are partially covered in iridescent scales. (AC +2)))
Potions are less effective at restoring your health.
You occasionally lose the ability to drink potions when taking damage.


Message History

Aim: a scorpion (heavily wounded, 74% to hit)
The sting hits the scorpion.
The scorpion is poisoned.
The scorpion is heavily wounded.
The scorpion closely misses you.
Casting: Sting (safe; 3% risk of failure)
Confirm with . or Enter, or press ? or * to list all spells.
Aiming: Sting (safe; 3% risk of failure)
Press: ? - help, Shift-Dir - straight line, f/p - scorpion
Aim: a scorpion (severely wounded, poisoned, 74% to hit)
The sting hits the scorpion but does no damage.
The scorpion looks even sicker.
The scorpion is severely wounded.
You kill the scorpion!
Your Dodging skill increases to level 4!
Your magical contamination has completely faded away.
Menkaure, Prince of Dust comes into view.
Menkaure shouts!
Menkaure casts a spell at you. Pain shoots through your body!
You barely miss Menkaure.
Menkaure gestures wildly while chanting.
Menkaure seems to speed up.
You aren't carrying any items that you can evoke.
It was a potion of lignification.
You turn into a tree.
Your +0 robe melds into your body.
Your roots penetrate the ground.
Menkaure barely misses you.
You hit Menkaure.
Menkaure is lightly damaged.
Menkaure hits you!
* * * LOW HITPOINT WARNING * * *
It was a potion of mutation.
You feel extremely strange.
Your system partially rejects the healing effects of potions.
You occasionally lose the ability to drink potions when taking damage.
Iridescent scales grow over part of your body.
Menkaure barely misses you. Menkaure hits you but does no damage.
You hit Menkaure but do no damage.
Menkaure is lightly damaged.
Menkaure hits you!
You feel threatened and lose the ability to drink potions!
You die...

......##....# ##...#
.<..........######.#
......##....#....#.#
.####.##....#.##.#.#
.##....#....#.#..#.#
....#..#....#.#.##.#
######.#....#.#....#
#.#....#.######
#......#...♣M.#
#####.#######.# #.#
# #)# ####.# ..#.#
#o#.# ##.#.#.#
#...)..#


You could see Menkaure (fast).

Vanquished Creatures
  Grinder (D:3)
  2 scorpions
  3 gnolls (D:3)
  An adder (D:1)
  4 worms
  2 dart slugs
  4 orcs (D:4)
  6 ball pythons
  3 bats
  2 endoplasms
  6 giant cockroaches
  2 goblins
  6 hobgoblins
  3 jackals (D:1)
  9 kobolds
  A quokka (D:1)
  2 frilled lizards
  8 rats
  A spectral goblin (D:1)
66 creatures vanquished.

Notes
Turn   | Place    | Note
-------+----------+-------------------------------------------
     0 | D:1      | Descartes the Spriggan Venom Mage began the quest for the
                  | Orb.
     0 | D:1      | Reached XP level 1. HP: 9/9 MP: 5/5
   267 | D:1      | Reached XP level 2. HP: 13/13 MP: 4/6
   933 | D:1      | Found a faded altar of an unknown god.
  1112 | D:1      | Reached XP level 3. HP: 16/16 MP: 4/8
  1157 | D:2      | Found a shimmering blue altar of Sif Muna.
  1780 | D:2      | Reached skill level 1 in Conjurations
  2350 | D:3      | Reached XP level 4. HP: 21/21 MP: 7/9
  2445 | D:3      | Noticed Grinder
  2476 | D:3      | Paralysed by Grinder for 4 turns
  2477 | D:3      | Killed Grinder
  2478 | D:3      | Reached skill level 1 in Hexes
  2478 | D:3      | Reached XP level 5. HP: 18/24 MP: 2/11
  2601 | D:3      | Reached XP level 6. HP: 28/28 MP: 8/12
  2646 | D:3      | Learned a level 4 spell: Olgreb's Toxic Radiance
  2714 | D:3      | Found a snail-covered altar of Cheibriados.
  2907 | D:3      | Found a faded altar of an unknown god.
  3324 | D:3      | Found a hazy altar of Hepliaklqana.
  3590 | D:4      | Noticed Menkaure
  3597 | D:4      | Gained mutation: Potions are less effective at restoring
                  | your health. [potion of mutation]
  3597 | D:4      | Gained mutation: You occasionally lose the ability to drink
                  | potions when taking damage. [potion of mutation]
  3597 | D:4      | Gained mutation: You are partially covered in iridescent
                  | scales. (AC +2) [potion of mutation]
  3598 | D:4      | Slain by Menkaure

Illustrated notes

Levels and vault maps discovered:
D:1:      dpeg_arrival_boxes_within_box, layout_basic,
          dreamdust_ecumenical_altar_drowned_temple
D:2:      layout_basic, basic_altar
D:3:      layout_rooms, mainiacjoe_overflow_paths,
          nicolae_overflow_ecumenical_swirl, serial_corexii_hall,
          chequers_hall_statues_y, chequers_hall_statues_wall_a,
          corexii_hall_statues_s, corexii_hall_statues_x, minmay_bisected,
          uniq_grinder
D:4:      layout_basic, yredelemnul_altar_generic, grunt_temple_overflow_open,
          temple_statues, patterned_corridor, uniq_menkaure

Skill      XL: |  1  2  3  4  5  6 |
---------------+-------------------+-----
Dodging        | 3 4 |  4.0
Spellcasting   | 3 |  3.9
Transmutations | 2 3 |  3.3
Conjurations   | 1 2 |  2.2
Stealth        | 4 |  4.7
Hexes          | 1 |  1.9
Poison Magic   | 4 |  4.4

Action                   |  1- 3 |  4- 6 || total
-------------------------+-------+-------++-------
Melee: Dagger            |     6 |     9 ||    15
 Cast: Sting             |    85 |    47 ||   132
  Use: Potion            |       |     2 ||     2
 Stab: Sleeping          |       |     5 ||     5
Armor: Robe              |     3 |     3 ||     6
       Skin              |       |     1 ||     1
Dodge: Dodged            |    11 |    15 ||    26
